AoeStats
← 17_Neo_

Arena

506014437Analyzed
4v4 RM · 21d ago on Sep 12, 2026· 42m 31s· 8 players
Game mode
Random Map
Map size
Large (8 player)
Population
200
Speed
Normal
Resources
Standard
Victory
Conquest
Starting age
Dark Age
Ending age
Imperial Age
RankedLock teamsTeams togetherTeam positionsShared explorationLock speedFull tech treeHidden civsTurbo modeCheats
Victory
Defeat
🇨🇴 Goths · Colombia
1387
+14
🇨🇴 Teutons · Colombia
1307
+17
🇨🇴 Bohemians · Colombia
1290
+18
🇨🇴 Celts · Colombia
1135
+25
🇵🇦 Cumans · Panama
1342
-19
🇺🇸 Vietnamese · United States
1342
-19
🇧🇷 Muisca · Brazil
1323
-18
🇲🇽 Khmer · Mexico
1311
-18
mairlarabe
8:22 Loom
10:45 Feudal Age
11:37 Double-Bit Axe
17:58 Castle Age
16:12 Horse Collar
19:43 Bow Saw
20:22 Wheelbarrow
20:31 Heavy Plow
21:05 Stone Mining
23:47 Gold Mining
27:33 Imperial Age
27:56 Scale Barding Armor
28:01 Forging
28:14 Hand Cart
28:29 Double Crossbow
29:14 Ballistics
29:06 Masonry
31:01 Iron Casting
31:53 Chain Barding Armor
32:26 Gold Shaft Mining
32:29 Stone Shaft Mining
33:10 Bloodlines
33:01 Husbandry
34:11 Chemistry
33:42 Architecture
33:00 Light Cavalry
34:20 Plate Barding Armor
35:04 Conscription
37:26 Crop Rotation
39:55 Fortified Wall
41:09 Blast Furnace
40:09 Murder Holes
40:45 Capped Ram
SecretAgent1942
10:47 Feudal Age
11:55 Double-Bit Axe
14:42 Castle Age
12:29 Horse Collar
15:40 Bow Saw
15:32 Heavy Plow
16:31 Wheelbarrow
22:35 Hand Cart
22:34 Gold Mining
24:19 Stone Mining
27:53 Imperial Age
25:54 Scale Mail Armor
26:19 Forging
25:56 Pikeman
26:38 Squires
27:00 Chain Mail Armor
26:56 Forging
28:24 Halberdier
29:35 Plate Mail Armor
30:34 Two-Man Saw
30:38 Fletching
30:46 Loom
30:52 Crossbowman
31:38 Thumb Ring
31:29 Bodkin Arrow
32:29 Iron Casting
33:20 Arson
34:02 Elite Fire Lancer
36:06 Chemistry
35:26 Ballistics
36:49 Bracer
37:52 Fortified Wall
iphonze
9:00 Feudal Age
9:38 Double-Bit Axe
9:43 Horse Collar
14:20 Wheelbarrow
13:45 Loom
17:28 Gold Mining
20:09 Castle Age
20:25 Loom
21:09 Bow Saw
21:22 Hand Cart
21:10 Heavy Plow
24:37 Scale Barding Armor
24:43 Forging
25:08 Bloodlines
29:37 Town Watch
Sheila do Almoxarifado
11:45 Feudal Age
13:17 Double-Bit Axe
15:55 Castle Age
15:36 Horse Collar
16:36 Forging
17:04 Town Watch
18:38 Loom
21:06 Wheelbarrow
25:45 Hand Cart
33:47 Imperial Age
31:46 Bow Saw
31:29 Gold Mining
32:39 Town Patrol
33:49 Gold Shaft Mining
33:50 Scale Mail Armor
34:25 Iron Casting
35:03 Chain Mail Armor
35:01 Squires
35:42 Elite Temple Guard
36:18 Fletching
37:31 Plate Mail Armor
37:21 Bodkin Arrow
42:00 Fervor
17_Neo_
10:35 Feudal Age
11:52 Wheelbarrow
11:01 Horse Collar
14:21 Castle Age
12:59 Double-Bit Axe
12:55 Horse Collar
15:41 Bow Saw
24:56 Heavy Plow
24:49 Gold Mining
26:05 Hand Cart
30:06 Imperial Age
27:41 Loom
27:42 Town Watch
28:34 Stone Mining
29:11 Scale Mail Armor
29:21 Forging
29:56 Anarchy
30:14 Chain Mail Armor
29:39 Pikeman
30:20 Squires
30:32 Elite Huskarl
31:13 Perfusion
31:33 Conscription
31:51 Iron Casting
31:02 Halberdier
33:53 Blast Furnace
33:16 Town Patrol
40:05 Onager
Logan
11:29 Feudal Age
13:03 Wheelbarrow
16:03 Castle Age
17:24 Double-Bit Axe
20:57 Horse Collar
21:29 Bow Saw
32:32 Hand Cart
32:03 Loom
38:46 Imperial Age
39:03 Wagenburg Tactics
40:17 Conscription
39:58 Elite Hussite Wagon
RAGNAROK
12:35 Feudal Age
14:17 Wheelbarrow
16:50 Castle Age
14:56 Double-Bit Axe
14:53 Horse Collar
16:39 Bloodlines
22:57 Scale Barding Armor
26:20 Bow Saw
26:11 Heavy Plow
26:55 Forging
31:34 Imperial Age
28:50 Loom
29:18 Fortified Wall
28:44 Pikeman
29:24 Squires
32:41 Chain Barding Armor
32:56 Iron Casting
31:45 Cavalier
34:13 Plate Barding Armor
34:06 Gold Mining
34:07 Stone Mining
35:46 Blast Furnace
37:51 Paladin
39:41 Conscription
Urahara
11:31 Feudal Age
15:04 Castle Age
13:12 Double-Bit Axe
13:43 Stone Mining
14:41 Gold Mining
14:38 Horse Collar
20:11 Wheelbarrow
34:02 Hand Cart
40:46 Imperial Age
41:02 Onager
42:15 Siege Engineers
43:14 Chemistry
Connection lost

Rejoining the realm…

Still unreachable

The connection could not be restored.

Session expired

The server has moved on; the page needs a fresh start.